Map: Blueshift LE

Players

JermStudDog

  • Race: Zerg Zerg
  • League: Master
  • Spawn Location: 1:00

Pfoe - Winner!

  • Race: Terran Terran
  • League: Master
  • Spawn Location: 7:00

VOD

Have the link to the VOD?

Description

Time

  • Played on: Jan. 22, 2019, 1:53 a.m.
  • Length: 9:26
Show
View Real Time Build Order
Export as new Build Order

JermStudDog Zerg 

Build Orders: Pool First 

Get SALT Encoding   

  12  0:01  Drone  
  13  0:09  Drone  
  14  0:17  Overlord  
  14  0:28  Drone, Extractor  
  14  0:36  Drone x2  
  16  0:52  Spawning Pool, Drone  
  16  0:55  Drone  
  17  1:17  Hatchery  
  16  1:19  Drone  
  16  1:24  Drone  
  18  1:38  Queen  
  20  1:41  Metabolic Boost  
  20  1:45  Zergling x2  
  21  1:48  Zergling x2  
  22  1:54  Overlord  
  22  2:13  Drone x2  
  22  2:15  Queen  
  26  2:23  Drone  
  26  2:29  Drone  
  28  2:35  Drone  
  28  2:54  Drone x3  
  28  2:55  Drone x3  
  33  3:05  Roach Warren  
  32  3:06  Drone x2  
  34  3:13  Overlord  
  34  3:14  Overlord  
  34  3:26  Lair  
  34  3:40  Extractor  
  33  3:42  Drone x3, Extractor x2  
  33  3:43  Drone  
  33  3:45  Roach x3  
  33  3:46  Roach x3  
  47  3:53  Drone  
  48  3:55  Queen  
  48  3:57  Drone  
  51  4:23  Drone  
  52  4:25  Overlord  
  52  4:31  Hatchery  
  52  4:36  Drone  
  52  4:40  Spire  
  52  4:41  Drone  
  46  5:05  Drone x7  
  47  5:09  Drone x2  
  47  5:10  Glial Reconstitution, Drone  
  47  5:12  Roach x3  
  56  5:18  Evolution Chamber  
  56  5:19  Drone  
  56  5:20  Evolution Chamber, Drone  
  56  5:24  Overlord  
  56  5:30  Roach  
  58  5:36  Roach  
  58  5:39  Overlord x2  
  62  5:50  Roach x6  
  62  5:52  Zerg Ground Armor Level 1  
  62  5:54  Zerg Missile Weapons Level 1  
  64  6:17  Roach x7  
  72  6:37  Roach x4  
  80  6:43  Roach  
  80  6:44  Hatchery  
  81  6:48  Ravager x2  
  81  6:49  Ravager  
  81  6:51  Overlord  
  81  6:52  Overlord  
  65  7:08  Roach  
  65  7:09  Roach x2  
  65  7:16  Roach  
  65  7:17  Roach  
  69  7:33  Roach  
  69  7:34  Roach x6  
  83  7:40  Ravager  
  83  7:41  Ravager x6  
  83  7:44  Roach  
  92  7:47  Roach  
  94  7:58  Drone x4  
  95  7:59  Drone x3  
  101  8:10  Extractor  
  100  8:14  Extractor  
  100  8:17  Roach  
  100  8:18  Roach x2  
  101  8:41  Drone x3  
  104  8:42  Drone x2  
  104  8:43  Overlord x5  
  106  8:49  Overlord  
  106  8:50  Overlord  
  106  8:59  Hatchery  
Show
View Real Time Build Order
Export as new Build Order

Pfoe Terran - Winner!

Build Orders: Reaper Expand 

Get SALT Encoding   

  12  0:00  SCV  
  13  0:13  SCV  
  14  0:17  Supply Depot  
  14  0:25  SCV  
  15  0:38  SCV  
  15  0:40  Barracks  
  16  0:44  Refinery  
  16  0:50  SCV  
  17  1:03  SCV  
  18  1:15  SCV  
  19  1:28  Orbital Command  
  19  1:29  Reaper  
  20  1:38  Command Center  
  20  1:48  Barracks  
  20  1:54  SCV  
  21  2:01  Barracks Reactor  
  21  2:05  Supply Depot  
  21  2:06  SCV  
  22  2:18  SCV  
  22  2:20  Refinery  
  23  2:25  Factory  
  23  2:30  SCV  
  23  2:35  Barracks Tech Lab  
  24  2:42  SCV  
  24  2:52  Orbital Command  
  24  2:58  Marine x2  
  24  3:04  SCV  
  26  3:06  Marine  
  27  3:16  Marine  
  27  3:17  Marine  
  27  3:19  SCV x2  
  33  3:21  Stimpack  
  33  3:24  Marine  
  34  3:31  SCV  
  34  3:32  Factory Reactor  
  34  3:33  Starport  
  33  3:35  Marine  
  33  3:36  Marine  
  35  3:41  SCV  
  35  3:43  SCV  
  35  3:46  Marine  
  35  3:47  Supply Depot  
  38  3:53  SCV  
  38  3:54  Marine x2  
  41  3:56  SCV  
  41  4:02  Supply Depot  
  42  4:04  Marine  
  42  4:05  SCV  
  42  4:08  SCV  
  45  4:13  Marine  
  45  4:14  Marine  
  45  4:16  Medivac x2  
  51  4:17  SCV  
  51  4:20  SCV  
  51  4:22  Marine  
  54  4:29  Bunker  
  54  4:30  SCV  
  55  4:32  Bunker, Marine x2  
  55  4:33  Factory Tech Lab  
  57  4:41  SCV, Supply Depot x2  
  58  4:46  Marine  
  54  5:00  Marine x2  
  54  5:04  Marine, Siege Tank  
  60  5:07  Barracks  
  60  5:09  SCV  
  60  5:11  Supply Depot  
  61  5:17  SCV  
  61  5:19  Marine  
  61  5:20  Combat Shield, Marine  
  64  5:21  SCV, Marine  
  66  5:29  SCV  
  66  5:34  SCV, Command Center  
  68  5:47  Marine x3  
  68  5:48  Starport Reactor  
  68  5:49  SCV  
  72  5:52  Engineering Bay x2  
  72  5:53  Supply Depot  
  72  5:55  SCV  
  72  5:56  Siege Tank  
  76  5:57  Marine x2  
  76  6:16  Marine x4  
  76  6:17  SCV x2  
  76  6:18  Terran Infantry Armor Level 1, Terran Infantry Weapons Level 1  
  82  6:19  Refinery  
  82  6:23  Refinery  
  78  6:28  Marine  
  78  6:29  Medivac  
  78  6:30  SCV x2  
  83  6:33  Marine, Supply Depot  
  83  6:34  Barracks  
  83  6:35  Barracks  
  83  6:37  Marine  
  83  6:39  Marine, Siege Tank  
  89  6:43  SCV x2  
  91  6:47  Orbital Command  
  80  7:10  Marine x5  
  80  7:11  Siege Tank  
  80  7:12  SCV x2  
  80  7:14  Orbital Command  
  90  7:23  Supply Depot  
  90  7:24  SCV  
  90  7:25  SCV, Barracks Tech Lab  
  90  7:26  Armory, Barracks Reactor  
  90  7:28  Marine x5  
  90  7:29  Medivac  
  99  7:45  SCV x2, Siege Tank  
  99  7:46  Marine x2  
  99  7:47  Concussive Shells, Marauder  
  99  7:48  Marauder  
  99  7:49  SCV  
  111  7:53  Supply Depot  
  111  7:54  Supply Depot x2  
  111  7:55  Marine x2  
  111  7:56  Medivac  
  111  7:57  SCV x2  
  117  8:01  SCV  
  117  8:02  Marine  
  117  8:03  Marine  
  119  8:08  Marauder  
  119  8:11  Marine x2  
  119  8:12  Marauder  
  123  8:13  SCV x2  
  123  8:15  SCV  
  123  8:17  Factory  
  123  8:19  Marine x2  
  122  8:30  Marauder  
  122  8:32  Marine x4  
  122  8:33  Marine, Siege Tank  
  129  8:36  Refinery  
  129  8:38  Refinery  
  129  8:42  Supply Depot  
  129  8:43  Supply Depot  
  129  8:44  SCV  
  129  8:45  SCV x2  
  132  8:49  Marine  
  132  8:50  Marine x5  
  132  8:51  Marauder  
Tags
 
Add a new tag
Caveats
  • Supply blocks, unpowered buildings, or Contaminate may cause inaccurate times.
  • Supply counts are checked every 10 seconds.